 Dungeon Crawl Stone Soup version 0.31-a0-1616-gbeaec30 (webtiles) character file.

Game seed: 5552374085617312894

37172 PublicAnimeNo1 the Toxicologist (level 13, -3/96 HPs)
             Began as a Demonspawn Alchemist on Jan 10, 2024.
             Was the Champion of Fedhas.
             Slain by a four-headed hydra (10 damage)
             ... on level 5 of the Lair of Beasts.
             The game lasted 00:39:11 (15196 turns).

PublicAnimeNo1 the Toxicologist (DsAl)             Turns: 15196, Time: 00:39:12

Health: -3/96      AC: 11    Str:  9    XL:     13   Next: 57%
Magic:  22/22      EV: 14    Int: 26    God:    Fedhas [******]
Gold:   864        SH:  0    Dex: 14    Spells: 3/24 levels left

rFire   + . .        K - +6 quick blade of the Final Decision {venom, ^Drain rPois rF+ Int+6}
rCold   + . .        z - orb {guile}
rNeg    . . .        s - +1 leather armour {rC+}
rPois   +            h - +0 helmet
rElec   .            (no cloak)
rCorr   .            (no gloves)
SInv    .            (no boots)
Will    .....        p - amulet of magic regeneration
Stlth   ++++         e - +4 ring of protection
HPRegen 0.36/turn    Q - ring of wizardry
MPRegen 0.58/turn

%: wizardry (x1)
@: no status effects
A: yellow scales 1, demonic guardian 2, powered by pain 3, bedeviling, weakness
stinger 1
a: Renounce Religion, Wall of Briars, Grow Ballistomycete, Overgrow, Grow Oklob


You were on level 5 of the Lair of Beasts.
You worshipped Fedhas.
Fedhas was exalted by your worship.
You visited 2 branches of the dungeon, and saw 15 of its levels.
You also visited: Sewer and Ossuary.

You collected 864 gold pieces.

Inventory:

Hand Weapons
 u - a +3 dagger of venom
 F - a +4 spear
 K - the +6 quick blade of the Final Decision (weapon) {venom, ^Drain rPois rF+ Int+6}
   (You acquired it on level 10 of the Dungeon)

   Int+6:     It affects your intelligence (+6).
   rF+:       It protects you from fire.
   rPois:     It protects you from poison ^Drain: It drains your maximum health
   when unequipped.
Missiles
 C - 3 throwing nets
Armour
 h - a +0 helmet (worn)
 k - a +3 leather armour of poison resistance
 r - a +0 leather armour of fire resistance
 s - a +1 leather armour of cold resistance (worn)
 z - an orb of guile (worn)
 H - a +2 buckler
Jewellery
 e - a +4 ring of protection (left hand)
 l - an amulet of reflection
 p - an amulet of magic regeneration (around neck)
 G - a ring of magical power
 Q - a ring of wizardry (right hand)
Wands
 y - a wand of charming (3)
 L - a wand of mindburst (10)
 P - a wand of polymorph (4)
Scrolls
 d - 2 scrolls of amnesia
 i - 2 scrolls of teleportation
 m - 3 scrolls of immolation
 o - 5 scrolls of fog
 t - 2 scrolls of summoning
 A - 5 scrolls of blinking
 B - 3 scrolls of enchant weapon
 J - a scroll of fear
 M - 2 scrolls of enchant armour
 O - 2 scrolls of poison
 R - a scroll of vulnerability
Potions
 a - 2 potions of attraction
 b - 3 potions of magic
 c - 4 potions of might
 f - a potion of resistance
 g - 4 potions of enlightenment
 j - 3 potions of heal wounds
 n - 3 potions of berserk rage
 q - 4 potions of haste
 v - a potion of lignification
 w - 4 potions of curing
 x - 3 potions of invisibility
 D - 4 potions of brilliance
 I - 2 potions of ambrosia
 N - 2 potions of mutation


   Skills:
 + Level 7.0 Fighting
 * Level 9.6 Short Blades
 - Level 4.0 Armour
 + Level 7.3 Dodging
 + Level 8.5 Stealth
 - Level 4.0 Shields
 - Level 6.0 Spellcasting
 - Level 4.0 Conjurations
 - Level 5.1 Fire Magic
 - Level 3.0 Air Magic
 + Level 5.0 Earth Magic
 + Level 10.8 Alchemy
 - Level 3.0 Invocations


You had 3 spell levels left.
You knew the following spells:

 Your Spells              Type           Power      Damage    Failure   Level
a - Sting                 Conj/Alch      100%       1d9       1%          1
b - Olgreb's Toxic Radia  Alch           59%        N/A       1%          4
c - Mephitic Cloud        Conj/Alch/Air  38%        N/A       1%          3
d - Sticky Flame          Fire/Alch      49%        2d9       1%          4
e - Petrify               Alch/Erth      49%        N/A       1%          4
f - Irradiate             Conj/Alch      23%        3d19      5%          5

Your spell library contained the following spells:

 Spells                   Type           Power      Damage    Failure   Level
 Foxfire                  Conj/Fire      100%       2x1d9     1%          1
 Mercury Vapours          Alch/Air       86%        N/A       1%          2
 Passwall                 Erth           34%        N/A       1%          3
 Swiftness                Air            23%        N/A       3%          3
 Slow                     Hex            44%        N/A       4%          1
 Summon Small Mammal      Summ           28%        N/A       4%          1
 Ensorcelled Hibernation  Hex/Ice        22%        N/A       6%          2
 Lesser Beckoning         Tloc           14%        N/A       6%          2
 Sublimation of Blood     Necr           7%         N/A       6%          2
 Call Canine Familiar     Summ           7%         N/A       12%         3
 Confusing Touch          Hex            11%        N/A       12%         3
 Gell's Gravitas          Tloc           7%         N/A       12%         3
 Ozocubu's Armour         Ice            7%         N/A       12%         3
 Sigil of Binding         Hex            11%        N/A       12%         3
 Summon Ice Beast         Ice/Summ       7%         N/A       12%         3
 Teleport Other           Tloc           7%         N/A       12%         3
 Vampiric Draining        Necr           7%         2d6       12%         3
 Alistair's Intoxication  Alch           39%        N/A       1%          5
 Eringya's Noxious Bog    Alch           29%        4d6       7%          6
 Summon Blazeheart Golem  Fire/Summ      21%        N/A       13%         4
 Vhi's Electric Charge    Tloc/Air       30%        N/A       21%         4
 Arcjolt                  Conj/Air       13%        1d23      24%         5
 Borgnjor's Vile Clutch   Necr/Erth      10%        N/A       34%         5
 Sculpt Simulacrum        Ice/Alch       17%        N/A       52%         6
 Starburst                Conj/Fire      15%        6d6       63%         6
 Metabolic Englaciation   Hex/Ice        5%         N/A       67%         5
 Summon Forest            Summ/Tloc      3%         N/A       67%         5
 Summon Mana Viper        Hex/Summ       11%        N/A       67%         5
 Plasma Beam              Fire/Air       14%        2x1d25    69%         6
 Summon Cactus Giant      Summ           3%         N/A       99%         6
 Monstrous Menagerie      Summ           3%         N/A       100%        7


Dungeon Overview and Level Annotations

Branches:
Dungeon (10/15)            Temple (0/1) D:7            Lair (5/5) D:9
 Shoals (0/4) Lair:2       Spider (0/4) Lair:2        Slime (0/5) Lair:5
  Sewer (visited)         Ossuary (visited)
    Orc: D:9-12

Altars:
Dithmenos
Fedhas
Hepliaklqana
Sif Muna
Jiyva


Innate Abilities, Weirdness & Mutations

You are partially covered in yellow scales. (AC +2)
A demonic guardian rushes to your aid.
You are powered by pain.
Your hexes are more powerful.
You have a small tail.


Message History

A water moccasin comes into view.
Aiming: Petrify (mildly dangerous; 1% risk of failure)
Press: ? - help, Q - select action, (/) - cycle Shift-Dir - straight line, f - four-headed hydra, p - water moccasin
Aim: a four-headed hydra (chance to affect: 84%)
The four-headed hydra is moving more slowly.
The water moccasin hisses angrily.
You hit the four-headed hydra but do no damage.
You strike the helpless four-headed hydra from behind!
You impale the four-headed hydra!!
The four-headed hydra is lightly wounded.
You puncture the four-headed hydra! You hit the four-headed hydra.
You tail-slap the four-headed hydra.
The four-headed hydra is moderately wounded.
The four-headed hydra bites you. The four-headed hydra bites you!
A demonic guardian appears!
The four-headed hydra closely misses you.
The four-headed hydra bites you.
The four-headed hydra attacks as it pursues you!
The four-headed hydra bites you but does no damage.
The four-headed hydra bites you!
The four-headed hydra barely misses you. x2
The endoplasm hits your rust devil but does no damage.
Your rust devil hits the water moccasin!
Your rust devil corrodes the water moccasin!
You hit the four-headed hydra.
You tail-slap the four-headed hydra, but do no damage.
You hit the four-headed hydra.
The four-headed hydra is poisoned.
The four-headed hydra is moderately wounded.
The endoplasm hits your rust devil but does no damage.
You puncture the four-headed hydra! x2
The four-headed hydra looks as sick as possible!
The four-headed hydra is heavily wounded.
The water moccasin closely misses you. The four-headed hydra bites you!
* * * LOW HITPOINT WARNING * * *
The four-headed hydra bites you!
* * * LOW HITPOINT WARNING * * *
You focus on the pain.
You feel your power returning. The four-headed hydra bites you!
You die...
Fedhas appreciates your contribution to the ecosystem.

#... ###.......... ..[.P.......
........... .....##....
..##.....# #### ### ######
.##....#.####..# ######.###.....
.....##..#.#.#.####4J.#..##.#...[
...=....†.....[S@D..S÷.÷.÷.......
##....................##..#......
######....(....##.P..########...
###..#........P.)# ##..
###########..P## ###.. ##..P#
##.... ##..# ##....# ####..
#P..S.( #..#..###.....÷


You could see a four-headed hydra (petrifying, extremely poisoned), 2 water
moccasins, an endoplasm (ally target) and a friendly rust devil (summoned).

Vanquished Creatures
  5 hydras
  2 catoblepae (Lair:5)
  2 two-headed ogres (D:9)
  A boulder beetle (Lair:5)
  2 skysharks
  15 elephants
  A merfolk siren (Lair:2)
  14 cane toads
  A rime drake (Lair:1)
  11 komodo dragons
  A troll (D:8)
  A polar bear (Lair:2)
  A hornet (D:8)
  12 blink frogs
  4 dream sheep (Lair:4)
  2 slime creatures (D:9)
  Sigmund (D:6)
  A jumping spider (Lair:2)
  12 yaks
  3 wyverns
  2 basilisks
  3 redbacks (Lair:2)
  3 steam dragons
  Duvessa (D:6)
  12 water moccasins
  5 orc warriors
  An ice beast (D:7)
  2 black bears
  An ogre (D:5)
  4 sky beasts
  15 wolves
  2 centaurs (D:7)
  A phantom (D:6)
  2 kobold brigands
  5 bullfrogs
  9 scorpions
  Dowan (D:6)
  7 wights (D:7)
  2 burial acolytes (Ossuary)
  10 killer bees
  5 howler monkeys
  An electric eel (Lair:2)
  2 jellies
  4 orc priests
  A bombardier beetle (D:6)
  2 gnoll boudas
  2 iguanas
  12 orc wizards
  6 mummies (Ossuary)
  18 adders
  19 gnolls
  3 river rats (Sewer)
  A shadow imp (D:5)
  A white imp (D:6)
  4 ufetubi
  A dart slug (D:4)
  7 ribbon worms
  41 orcs
  8 ball pythons
  15 bats
  12 endoplasms
  2 giant cockroaches
  5 goblins
  6 hobgoblins
  7 jackals
  12 kobolds
  3 quokkas
  7 frilled lizards
  7 gnoll zombies (Ossuary)
  An orc zombie (Ossuary)
  21 rats
  A spectral goblin (D:1)
417 creatures vanquished.

Vanquished Creatures (collateral kills)
  4 elephants
  A cane toad (Lair:2)
  2 blink frogs (Lair:4)
  A slime creature (D:8)
  A wraith (D:7)
  A wyvern (Lair:1)
  An acid dragon (D:5)
  2 bullfrogs (Sewer)
  A scorpion (D:5)
  A wight (D:7)
  2 orc priests
  An iguana (D:4)
  An orc wizard (D:3)
  An adder (Sewer)
  2 orcs
  2 ball pythons (Sewer)
24 creatures vanquished.

Vanquished Creatures (others)
  4 oklob plants (Lair:4)
  A cane toad (Lair:4)
5 creatures vanquished.

Grand Total: 446 creatures vanquished

Notes
Turn   | Place    | Note
-------+----------+-------------------------------------------
     0 | D:1      | PublicAnimeNo1 the Demonspawn Alchemist began the quest for
                  | the Orb.
     0 | D:1      | Reached XP level 1. HP: 13/13 MP: 3/3
   452 | D:1      | Gained mutation: A weak demonic guardian rushes to your
                  | aid. [demonic ancestry]
   452 | D:1      | Reached XP level 2. HP: 19/19 MP: 3/5
   772 | D:1      | Found a faded altar of an unknown god.
   782 | D:1      | Prayed at the altar of an unknown god.
   782 | D:1      | Became a worshipper of Fedhas Madash
   782 | D:1      | Reached * piety under Fedhas
   794 | D:1      | Reached skill level 4 in Alchemy
  1018 | D:1      | Reached XP level 3. HP: 18/24 MP: 0/6
  1764 | D:3      | Gained mutation: You sometimes gain a little power by
                  | taking damage. [demonic ancestry]
  1764 | D:3      | Reached XP level 4. HP: 30/30 MP: 7/7
  1768 | D:3      | Reached ** piety under Fedhas
  1769 | D:3      | Reached skill level 5 in Alchemy
  1852 | D:3      | Found a glowing drain.
  1859 | Sewer    | Entered a sewer
  2015 | Sewer    | Gained mutation: You sometimes gain power by taking damage.
                  | [demonic ancestry]
  2015 | Sewer    | Reached XP level 5. HP: 35/35 MP: 8/8
  2042 | Sewer    | Reached skill level 1 in Invocations
  2056 | Sewer    | Reached *** piety under Fedhas
  2144 | Sewer    | Reached skill level 1 in Fighting
  2146 | Sewer    | Reached skill level 6 in Alchemy
  2146 | Sewer    | Gained mutation: You are partially covered in yellow
                  | scales. (AC +2) [demonic ancestry]
  2146 | Sewer    | Reached XP level 6. HP: 44/44 MP: 2/10
  2381 | D:3      | Learned a level 4 spell: Olgreb's Toxic Radiance
  3187 | D:4      | Gained mutation: A demonic guardian rushes to your aid.
                  | [demonic ancestry]
  3187 | D:4      | Reached XP level 7. HP: 51/51 MP: 9/11
  3781 | D:4      | Learned a level 3 spell: Mephitic Cloud
  3893 | D:4      | Reached **** piety under Fedhas
  4125 | D:5      | Entered Level 5 of the Dungeon
  4279 | D:5      | Found a shimmering blue altar of Sif Muna.
  4338 | D:5      | Reached skill level 7 in Alchemy
  4346 | D:5      | Reached XP level 8. HP: 60/60 MP: 12/14
  4403 | D:5      | Learned a level 4 spell: Sticky Flame
  4694 | D:6      | Found a sand-covered staircase.
  4706 | D:6      | Reached skill level 1 in Fire Magic
  4746 | D:6      | Noticed Sigmund
  4755 | D:6      | Noticed Dowan
  4758 | D:6      | Killed Sigmund
  4764 | D:6      | Killed Dowan
  4765 | D:6      | Gained mutation: You have a small tail. [demonic ancestry]
  4765 | D:6      | Reached XP level 9. HP: 42/66 MP: 12/16
  4765 | D:6      | Noticed Duvessa
  4785 | D:6      | Killed Duvessa
  4786 | D:6      | Reached skill level 5 in Fire Magic
  4789 | Ossuary  | Entered an ossuary
  4915 | Ossuary  | Reached ***** piety under Fedhas
  5188 | D:6      | Reached skill level 5 in Spellcasting
  5342 | D:6      | Reached skill level 1 in Short Blades
  5357 | D:6      | Reached skill level 8 in Alchemy
  5752 | D:6      | Reached skill level 1 in Shields
  6007 | D:7      | Found a staircase to the Ecumenical Temple.
  6479 | D:7      | Reached XP level 10. HP: 71/73 MP: 14/18
  7385 | D:8      | Reached ****** piety under Fedhas
  7386 | D:8      | Reached skill level 1 in Air Magic
  7409 | D:8      | Found a shadowy altar of Dithmenos.
  7624 | D:9      | Noticed a two-headed ogre
  7926 | D:9      | Noticed a two-headed ogre
  7928 | D:9      | Killed a two-headed ogre
  7957 | D:9      | Killed a two-headed ogre
  7958 | D:9      | Reached skill level 5 in Fighting
  8029 | D:9      | Found a staircase to the Lair.
  8132 | D:9      | Reached skill level 9 in Alchemy
  8138 | D:9      | Reached skill level 5 in Stealth
  8259 | D:9      | Gained mutation: You are powered by pain. [demonic
                  | ancestry]
  8259 | D:9      | Reached XP level 11. HP: 63/80 MP: 17/20
  8855 | D:10     | Entered Level 10 of the Dungeon
  9227 | D:10     | Identified a scroll of acquirement
  9227 | D:10     | Acquired the +6 quick blade of the Final Decision {venom,
                  | ^Drain rPois rF+ Int+6}
  9269 | D:10     | Found a blossoming altar of Fedhas.
  9270 | D:10     | Found a hazy altar of Hepliaklqana.
  9285 | D:10     | Noticed a rakshasa
  9408 | Lair:1   | Entered Level 1 of the Lair of Beasts
  9980 | Lair:1   | Reached skill level 1 in Armour
  9983 | Lair:1   | Reached skill level 5 in Short Blades
 10500 | Lair:2   | Learned a level 4 spell: Petrify
 10618 | Lair:2   | Found a hole to the Spider Nest.
 10622 | Lair:2   | Noticed a four-headed hydra
 10625 | Lair:2   | Reached skill level 5 in Dodging
 10640 | Lair:2   | Killed a four-headed hydra
 10641 | Lair:2   | Reached skill level 1 in Earth Magic
 10725 | Lair:2   | Noticed an eight-headed hydra
 10737 | Lair:2   | Killed an eight-headed hydra
 10783 | Lair:2   | Gained mutation: Your hexes are more powerful. [demonic
                  | ancestry]
 10783 | Lair:2   | Reached XP level 12. HP: 71/89 MP: 16/21
 11223 | Lair:2   | Found a staircase to the Shoals.
 11675 | Lair:3   | Noticed a four-headed hydra
 11701 | Lair:3   | Killed a four-headed hydra
 12807 | Lair:4   | Reached skill level 10 in Alchemy
 13024 | Lair:4   | Noticed a four-headed hydra
 13072 | Lair:4   | Killed a four-headed hydra
 13345 | Lair:4   | Reached XP level 13. HP: 64/94 MP: 19/22
 14302 | Lair:5   | Entered Level 5 of the Lair of Beasts
 15055 | Lair:5   | Learned a level 5 spell: Irradiate
 15152 | Lair:5   | Reached skill level 5 in Earth Magic
 15152 | Lair:5   | Found a staircase to the Slime Pits.
 15152 | Lair:5   | Found a viscous altar of Jiyva.
 15196 | Lair:5   | Slain by a four-headed hydra

Illustrated notes

Levels and vault maps discovered:
D:1:      dpeg_arrival_three_same_balls, layout_loops_cross,
          dreamdust_ecumenical_altar_drowned_temple
D:2:      layout_rooms, minmay_misc_feat_columns, minmay_pentomino_s4
D:3:      layout_basic, lightli_sewer_entry_pipes
D:4:      layout_loops_corners, minmay_misc_feat_ornament
D:5:      layout_basic, mainiacjoe_overflow_alcove_4,
          serial_library_hellmonk_hallway_a
D:6:      old_forge, layout_basic, nicolae_ossuary_entry_ruins, uniq_duvessa,
          uniq_sigmund
D:7:      layout_loops_ring, minmay_temple_entry_antechambers
D:8:      layout_layer_cave, nicolae_dithmenos_the_darkroom
D:9:      layout_rooms, dpeg_oklobed_lair, st_stairs_9
D:10:     layout_gridville, mainiacjoe_overflow_divided_tiny
Lair:1:   layout_chaotic_city, eino_small_chamber_without_monster
Lair:2:   layout_gridlike, minmay_shoals_entry_lonely_mermaid,
          spider_nest_entry_funnel_web
Lair:3:   layout_layer_cave, grunt_megastairs_3, serial_bayou_shore_b
Lair:4:   minmay_lair_oklob_tunnel, layout_loops_ring
Lair:5:   cheibrodos_lair_end_hotspot, layout_misc_corridors,
          nicolae_slime_entry_slimehenge, serial_bayou_pond_d,
          serial_bayou_shore_a

Skill      XL: |  1  2  3  4  5  6  7  8  9 10 11 12 13 |
---------------+----------------------------------------+-----
Alchemy        | 4 5 6 7 8 9 10 | 10.8
Invocations    | 2 3 |  3.0
Fighting       | 1 2 4 5 6 7 |  7.0
Spellcasting   | 3 4 5 6 |  6.0
Conjurations   | 2 3 4 |  4.0
Fire Magic     | 4 5 |  5.1
Dodging        | 3 4 5 6 7 |  7.3
Stealth        | 3 5 6 7 8 |  8.5
Short Blades   | 2 4 6 8 9 |  9.6
Shields        | 2 3 4 |  4.0
Air Magic      | 2 3 |  3.0
Armour         | 3 4 |  4.0
Earth Magic    | 1 4 5 |  5.0

Action                     |  1- 3 |  4- 6 |  7- 9 | 10-12 | 13-15 || total
---------------------------+-------+-------+-------+-------+-------++-------
  Melee: Unarmed           |     9 |       |       |       |       ||     9
         Short sword       |    29 |       |       |       |       ||    29
         Dagger            |     8 |   113 |   208 |   102 |       ||   431
         Punch             |       |     1 |     2 |       |       ||     3
         Tailslap          |       |       |    18 |    73 |    59 ||   150
         Spear             |       |       |    14 |       |       ||    14
         Quick blade       |       |       |       |   310 |   248 ||   558
   Cast: Sting             |    77 |    88 |    96 |    11 |       ||   272
         Olgreb's Toxic Ra |       |       |    16 |    36 |    11 ||    63
         Sticky Flame      |       |       |    29 |    21 |       ||    50
         Mephitic Cloud    |       |       |     2 |    14 |       ||    16
         Petrify           |       |       |       |    23 |    34 ||    57
 Invoke: Wall of Briars    |       |     3 |     2 |     7 |       ||    12
  Evoke: Wand              |       |       |       |     5 |       ||     5
    Use: Scroll            |     1 |     5 |     9 |     7 |     6 ||    28
         Potion            |       |     1 |     1 |       |     2 ||     4
   Stab: Sleeping          |     1 |       |     1 |     9 |     2 ||    13
         Confused          |       |       |       |     4 |       ||     4
         Petrified         |       |       |       |    45 |    27 ||    72
         Petrifying        |       |       |       |    16 |    12 ||    28
 Armour: Robe              |    34 |       |       |       |       ||    34
         Leather armour    |     4 |    57 |   184 |   154 |    94 ||   493
  Dodge: Dodged            |    46 |    70 |   116 |   119 |    78 ||   429
  Block: Buckler           |       |       |    30 |    58 |       ||    88

Table legend: (Time is in decaauts)
 A = Elapsed time spent in this place.
 B = Non-inter-level travel time spent in this place.
 C = Inter-level travel time spent in this place.
 D = Time resting spent in this place.
 E = Time spent auto-exploring this place.
 F = Levels seen in this place.
 G = Mean time per level.
                   A        B        C        D        E       F      G
               +--------+--------+--------+--------+--------+-----+--------+
         Total |  15263 |  14853 |    410 |   1865 |   9917 |  17 |  897.8 |
       Dungeon |   8771 |   8457 |    314 |   1179 |   5495 |  10 |  877.1 |
          Lair |   5775 |   5679 |     96 |    579 |   4153 |   5 | 1155.0 |
         Sewer |    350 |    350 |      0 |      0 |    156 |   1 |  350.0 |
       Ossuary |    365 |    365 |      0 |    107 |    113 |   1 |  365.0 |
               +--------+--------+--------+--------+--------+-----+--------+

Top non-repeatable levels by time:
  Lair:4: 1556 daAuts
  Lair:3: 1210 daAuts
     D:7: 1201 daAuts
  Lair:2: 1166 daAuts
     D:1: 1146 daAuts
     D:4: 1134 daAuts
     D:9: 1078 daAuts
     D:3: 997 daAuts
  Lair:1: 973 daAuts
  Lair:5: 869 daAuts
     D:8: 832 daAuts
     D:6: 784 daAuts
     D:5: 568 daAuts
     D:2: 567 daAuts
    D:10: 461 daAuts
